 Dungeon Crawl Stone Soup version 0.29-a0-234-g0dae59b3db (webtiles) character file.

Game seed: 2104898014371718124

304 sammy202020 the Skirmisher (level 6, -5/49 HPs)
             Began as a Demonspawn Berserker on Mar 2, 2022.
             Was a Believer of Trog.
             Slain by an ogre
             ... wielding a +0 giant spiked club
              (26 damage)
             ... on level 4 of the Dungeon.
             The game lasted 00:06:57 (2965 turns).

sammy202020 the Skirmisher (Demonspawn Berserker)   Turns: 2965, Time: 00:06:57

Health: -5/49      AC: 12    Str: 19    XL:     6   Next: 15%
Magic:  6/6        EV:  8    Int:  8    God:    Trog [**....]
Gold:   140        SH:  0    Dex: 13    Spells: 5/5 levels left

rFire   . . .      SeeInvis .   a - +0 mace
rCold   . . .      Faith    .   (no shield)
rNeg    + . .      Spirit   .   c - +0 chain mail
rPois   +          Reflect  .   (helmet restricted)
rElec   .          Harm     .   b - +1 cloak
rCorr   .          Rampage  .   l - +0 pair of gloves
Will    .....                   (no boots)
Stlth   ..........              (no amulet)
HPRegen 0.16/turn               i - ring of positive energy
MPRegen 0.10/turn               d - ring of poison resistance

@: no status effects
A: antennae 1, claws 1, demonic guardian 1, powered by death 1
a: Renounce Religion, Berserk, Trog's Hand


You were on level 4 of the Dungeon.
You worshipped Trog.
Trog was pleased with you.
You visited 1 branch of the dungeon, and saw 4 of its levels.

You collected 140 gold pieces.

Inventory:

Hand Weapons
 a - a +0 mace (weapon)
Armour
 b - a +1 cloak (worn)
 c - a +0 chain mail (worn)
 l - a +0 pair of gloves (worn)
Jewellery
 d - a ring of poison resistance (right hand)
 h - a ring of willpower
 i - a ring of positive energy (left hand)
Wands
 m - a wand of iceblast (4)
Scrolls
 e - a scroll of fear {unknown}
 f - a scroll of acquirement {unknown}
 k - a scroll of identify {unknown}
 o - a scroll of teleportation {unknown}
Potions
 g - 2 potions of might {unknown}
 j - a potion of resistance {unknown}
 n - a potion of mutation {unknown}


   Skills:
 + Level 4.3 Fighting
 + Level 3.9 Maces & Flails
 + Level 3.2 Armour
 + Level 3.2 Dodging


You had 5 spell levels left.
You didn't know any spells.
Your spell library was empty.

Dungeon Overview and Level Annotations

Branches:
Dungeon (4/15)
 Temple: D:4-7

Altars:
Dithmenos
Uskayaw

Shops:
D:2 [   D:4 (=


Innate Abilities, Weirdness & Mutations

You have a pair of small antennae on your head.
You have sharp fingernails.
A weak demonic guardian rushes to your aid.
You regenerate a little health from kills.


Message History

You kill the adder!
Trog accepts your kill.
You see here an adder corpse.
Found a robe.
Found Yblik's Weapon Shoppe.
A kobold comes into view. It is wielding a +0 dagger.
The kobold shouts!
The kobold moves out of view.
You see here a +0 robe.
There is an entrance to Zeorrom's One-of-a-Kind Rings here.
You see here a +0 robe.
You closely miss the kobold. The kobold hits you but does no damage.
You hit the kobold.
You kill the kobold!
Trog accepts your kill.
Things that are here:
a +0 dagger; a kobold corpse You see here a +0 robe.
There is an entrance to Zeorrom's One-of-a-Kind Rings here.
You see here a +0 robe.
Things that are here:
a +0 dagger; a kobold corpse
Found an escape hatch in the floor.
There is an entrance to Yblik's Weapon Shoppe here.
An ogre comes into view. It is wielding a +0 giant spiked club.
The ogre shouts!
A kobold comes into view. It is wielding a +0 short sword.
The kobold shouts!
The kobold throws a stone.
The stone hits you but does no damage.
A hobgoblin comes into view.
You hit the ogre.
The ogre is lightly wounded.
The ogre hits you with a +0 giant spiked club!
You barely miss the ogre.
The ogre is lightly wounded.
The ogre hits you with a +0 giant spiked club!
You barely miss the ogre.
The ogre is lightly wounded.
The ogre hits you with a +0 giant spiked club!!
Ouch! That really hurt!
You die...

..............#
.....................#
.....................#
.....................#
.....................#
##..Kg...............#
...................####
.....>.O..........#...##
.......@....∩....#)....#
.................#[.∩..#
################.#.....#
#........#...##
#....†.#..####
#......#### #......#
#......# ###......##


You could see an ogre, a hobgoblin and a kobold.

Vanquished Creatures
  A scorpion (D:4)
  An orc priest (D:3)
  Natasha (twice) (D:3)
  An iguana (D:4)
  An orc wizard (D:3)
  Robin (D:3)
  4 adders
  2 dart slugs
  2 orcs (D:3)
  6 endoplasms
  7 giant cockroaches
  5 goblins (D:3)
  7 hobgoblins
  3 quokkas
  6 ball pythons
  5 bats
  3 frilled lizards
  2 kobolds
  6 rats
65 creatures vanquished.

Vanquished Creatures (collateral kills)
  A ball python (D:2)
1 creature vanquished.

Vanquished Creatures (others)
  An orc (D:3)
  A bat (D:3)
2 creatures vanquished.

Grand Total: 68 creatures vanquished

Notes
Turn   | Place    | Note
-------+----------+-------------------------------------------
     0 | D:1      | sammy202020 the Demonspawn Berserker began the quest for
                  | the Orb.
     0 | D:1      | Reached XP level 1. HP: 18/18 MP: 1/1
    98 | D:1      | Discovered your monstrous ancestry.
    98 | D:1      | Gained mutation: You have a pair of small antennae on your
                  | head. [demonic ancestry]
    98 | D:1      | Reached XP level 2. HP: 7/24 MP: 2/2
  1035 | D:2      | Found a faded altar of an unknown god.
  1104 | D:2      | Gained mutation: A weak demonic guardian rushes to your
                  | aid. [demonic ancestry]
  1104 | D:2      | Reached XP level 3. HP: 17/29 MP: 3/3
  1404 | D:2      | Found Bedgheumu's Antique Armour Emporium.
  1426 | D:2      | Found a hide-covered altar of Uskayaw.
  1796 | D:3      | Gained mutation: You regenerate a little health from kills.
                  | [demonic ancestry]
  1796 | D:3      | Reached XP level 4. HP: 34/35 MP: 4/4
  1839 | D:3      | Reached ** piety under Trog
  2004 | D:3      | Noticed Robin
  2032 | D:3      | Killed Robin
  2033 | D:3      | Reached XP level 5. HP: 26/42 MP: 5/5
  2344 | D:3      | Found a shadowy altar of Dithmenos.
  2345 | D:3      | Noticed Natasha
  2350 | D:3      | Killed Natasha
  2351 | D:3      | Reached skill level 4 in Fighting
  2643 | D:3      | Noticed Natasha
  2647 | D:3      | Killed Natasha
  2851 | D:4      | Gained mutation: You have sharp fingernails. [demonic
                  | ancestry]
  2851 | D:4      | Reached XP level 6. HP: 35/48 MP: 6/6
  2913 | D:4      | Found Zeorrom's One-of-a-Kind Rings.
  2927 | D:4      | Found Yblik's Weapon Shoppe.
  2965 | D:4      | Slain by an ogre

Illustrated notes

Levels and vault maps discovered:
D:1:      psy_arrival_wood_between_worlds, layout_basic,
          chequers_serial_rivers_large_a
D:2:      layout_rooms, serial_shops, nicolae_shop_crystal, basic_altar,
          nicolae_ecumenical_pavilion, chequers_mini_garden
D:3:      layout_loops_ring, nicolae_dithmenos_the_darkroom, uniq_natasha,
          uniq_robin
D:4:      layout_basic, nicolae_tso_besieged_by_evil,
          nemelex_xobeh_ov_fountains_minmay, kennysheep_mini_moat, serial_shops,
          nicolae_shop_overgrown_old_shop, shop, shop,
          nicolae_shop_unique_rings, hangedman_abyss_or_decor_passed,
          uniq_eustachio

Skill      XL: |  1  2  3  4  5 |
---------------+----------------+-----
Armour         | 2 3 |  3.2
Dodging        | 2 3 |  3.2
Maces & Flails | 3 |  3.9
Fighting       | 4 |  4.3

Action                   |  1- 3 |  4- 6 || total
-------------------------+-------+-------++-------
Melee: Mace              |   120 |   111 ||   231
       Punch             |     1 |     1 ||     2
Invok: Berserk           |     2 |     1 ||     3
Armor: Animal skin       |    10 |       ||    10
       Chain mail        |    81 |    67 ||   148
Dodge: Dodged            |    95 |    48 ||   143

Table legend: (Time is in decaauts)
 A = Elapsed time spent in this place.
 B = Non-inter-level travel time spent in this place.
 C = Inter-level travel time spent in this place.
 D = Time resting spent in this place.
 E = Time spent auto-exploring this place.
 F = Levels seen in this place.
 G = Mean time per level.
                   A        B        C        D        E       F      G
               +--------+--------+--------+--------+--------+-----+--------+
         Total |   3063 |   2988 |     75 |      0 |   1913 |   4 |  765.8 |
       Dungeon |   3063 |   2988 |     75 |      0 |   1913 |   4 |  765.8 |
               +--------+--------+--------+--------+--------+-----+--------+

Top non-repeatable levels by time:
     D:3: 1241 daAuts
     D:1: 1061 daAuts
     D:2: 628 daAuts
     D:4: 132 daAuts
